 Dungeon Crawl Stone Soup version 0.29.1-13-g9f3cf754e1 (webtiles) character file.

Game seed: 15437221135809252196

167 Peloso the Covered (level 5, -5/47 HPs)
             Began as a Minotaur Fighter on Jan 21, 2023.
             Killed by nerve-wracking pain
             ... invoked by Menkaure
              (8 damage)
             ... on level 4 of the Dungeon.
             The game lasted 00:04:40 (3307 turns).

Peloso the Covered (Minotaur Fighter)               Turns: 3307, Time: 00:04:40

Health: -5/47      AC:  9    Str: 20    XL:     5   Next: 23%
Magic:  4/4        EV:  7    Int:  5    God:
Gold:   197        SH:  5    Dex: 12    Spells: 4/4 levels left

rFire   . . .      SeeInvis .   a - +0 long sword
rCold   . . .      Faith    .   c - +0 buckler
rNeg    . . .      Spirit   .   e - +0 chain mail
rPois   .          Reflect  .   (helmet restricted)
rElec   .          Harm     .   (no cloak)
rCorr   .          Rampage  .   (no gloves)
Will    +....                   (no boots)
Stlth   ..........              (no amulet)
HPRegen 0.15/turn               f - ring of willpower
MPRegen 0.09/turn               (no ring)

@: no status effects
A: horns 2, retaliatory headbutt
a: no special abilities


You were on level 4 of the Dungeon.
You visited 1 branch of the dungeon, and saw 4 of its levels.

You collected 197 gold pieces.

Inventory:

Hand Weapons
 a - a +0 long sword (weapon)
Armour
 b - a +0 scale mail
 c - a +0 buckler (worn)
 e - a +0 chain mail (worn)
Jewellery
 f - a ring of willpower (left hand)
 h - a ring of see invisible
Wands
 k - a wand of flame (26)
 l - a wand of digging (7)
Scrolls
 i - a scroll of teleportation {unknown}
 m - a scroll of amnesia
 n - a scroll of poison {unknown}
Potions
 d - 2 potions of might
 g - 2 potions of heal wounds
 j - a potion of curing


   Skills:
 + Level 4.5 Fighting
 + Level 4.0 Long Blades
 + Level 4.9 Armour
 + Level 0.5 Dodging
 + Level 4.6 Shields


You had 4 spell levels left.
You didn't know any spells.
Your spell library contained the following spells:

 Spells                   Type           Power      Damage    Failure   Level
 Airstrike                Air            0%         2d(0-16)  100%        4
 Summon Lightning Spire   Summ/Air       0%         N/A       100%        4
 Lightning Bolt           Conj/Air       0%         1d11      100%        5


Dungeon Overview and Level Annotations

Branches:
Dungeon (4/15)
 Temple: D:4-7

Altars:
Kikubaaqudgha
Vehumet
Wu Jian
Yredelemnul

Annotations:
D:4 Menkaure


Innate Abilities, Weirdness & Mutations

You have a pair of horns on your head.
You reflexively headbutt those who attack you in melee.


Message History

You hit Menkaure but do no damage. Your headbutt misses Menkaure.
You block Menkaure's attack.
You slash Menkaure! You headbutt Menkaure!
Menkaure is severely damaged.
Menkaure calls on the powers of darkness!
Your body is wracked with pain!
* * * LOW HITPOINT WARNING * * *
You barely miss Menkaure. Your headbutt misses Menkaure.
Menkaure is severely damaged.
Menkaure hits you!
* * * LOW HITPOINT WARNING * * *
You barely miss Menkaure. Your headbutt misses Menkaure.
Menkaure is severely damaged.
Menkaure closely misses you.
You hit Menkaure but do no damage.
Menkaure is severely damaged.
Menkaure hits you but does no damage.
You hit Menkaure.
Menkaure is severely damaged.
Menkaure hits you.
* * * LOW HITPOINT WARNING * * *
You hit Menkaure.
Menkaure is severely damaged.
Menkaure gestures wildly while chanting.
Menkaure seems to speed up.
You barely miss Menkaure. Your headbutt misses Menkaure.
Menkaure is severely damaged.
Menkaure calls on the powers of darkness!
You feel a surge of unholy energy.
You hit Menkaure.
Menkaure is almost destroyed.
You block Menkaure's attack. x2
You hit Menkaure but do no damage.
Menkaure is almost destroyed.
Menkaure barely misses you.
You hit Menkaure but do no damage. Your headbutt misses Menkaure.
Menkaure is almost destroyed.
Menkaure points at you and mumbles some strange words.
Pain shoots through your body!
You die...

#.######.......#.#
#.# #...#.#.#..
#.# #..(#.#.###
#.# #...#.#.# #
#.# #...#<#.# #
#.# #...#.#.# #
#.# ....#.#.# #.##
.....#.#.# #@.#
#M.# #..# #..#
#... ..... ##.##
..


You could see Menkaure (fast).

Vanquished Creatures
  A jelly (D:4)
  Jessica (D:2)
  4 adders
  3 worms
  4 dart slugs (D:1)
  5 ball pythons
  8 bats
  2 endoplasms
  A giant cockroach (D:1)
  5 goblins
  6 hobgoblins
  4 jackals (D:1)
  4 quokkas
  A frilled lizard (D:2)
  3 kobolds (D:1)
  4 rats
  A spectral orc (D:3)
57 creatures vanquished.

Notes
Turn   | Place    | Note
-------+----------+-------------------------------------------
     0 | D:1      | Peloso the Minotaur Fighter began the quest for the Orb.
     0 | D:1      | Reached XP level 1. HP: 19/19 MP: 0/0
   114 | D:1      | Reached XP level 2. HP: 23/27 MP: 1/1
   506 | D:1      | Reached XP level 3. HP: 29/33 MP: 2/2
  1295 | D:2      | Noticed Jessica
  1302 | D:2      | Killed Jessica
  1303 | D:2      | Reached XP level 4. HP: 33/41 MP: 3/3
  2161 | D:3      | Found a radiant altar of Vehumet.
  2351 | D:3      | Found a faded altar of an unknown god.
  2461 | D:3      | Found an ancient bone altar of Kikubaaqudgha.
  2473 | D:3      | Found an ornate altar of the Wu Jian Council.
  2758 | D:3      | Found a basalt altar of Yredelemnul.
  3052 | D:4      | Reached XP level 5. HP: 12/47 MP: 4/4
  3292 | D:4      | Noticed Menkaure
  3302 | D:4      | HP: 2/47 [Menkaure (2)]
  3307 | D:4      | Killed from afar by Menkaure

Illustrated notes

Levels and vault maps discovered:
D:1:      kennysheep_arrival_seaside, layout_basic, serial_glass,
          glass_columns_b, glass_columns_a, minivault_11
D:2:      layout_loops_ring, uniq_jessica
D:3:      layout_loops_ring, mainiacjoe_overflow_catch_the_wave,
          yredelemnul_forgotten_temple_becter, vehumet_altar_wand_db,
          shapermc_ecumenical_altar_ellora
D:4:      minmay_razor_zed, layout_basic,
          nicolae_dithmenos_through_a_glass_darkly, uniq_menkaure, uniq_robin

Skill      XL: |  1  2  3  4 |
---------------+-------------+-----
Shields        | 4 |  4.6
Armour         | 4 |  4.9
Fighting       | 4 |  4.5
Long Blades    | 3 4 |  4.0
Dodging        | |  0.5

Action                   |  1- 3 |  4- 6 || total
-------------------------+-------+-------++-------
Melee: Long sword        |    75 |    76 ||   151
       Headbutt          |    13 |     8 ||    21
  Use: Scroll            |       |     3 ||     3
       Potion            |       |     2 ||     2
Armor: Scale mail        |    33 |     7 ||    40
       Chain mail        |       |    43 ||    43
Dodge: Dodged            |    39 |    29 ||    68
Block: Buckler           |    16 |    26 ||    42
